 Dungeon Crawl Stone Soup version 0.20-a0-453-g91466d2 (webtiles) character file.

64 Kriby the Magician (level 3, -5/24 HPs)
             Began as a Mummy Fire Elementalist on Jan 8, 2017.
             Slain by a worm (11 damage)
             ... on level 2 of the Dungeon.
             The game lasted 00:02:12 (2191 turns).

Kriby the Magician (Mummy Fire Elementalist)        Turns: 2191, Time: 00:02:13

Health: -5/24      AC:  2    Str: 11    XL:     3   Next: 91%
Magic:  5/8        EV: 12    Int: 15    God:
Gold:   103        SH:  0    Dex: 12    Spells: 8/9 levels left

rFire  x . .     SeeInvis .     i - +0 mace
rCold  + . .     Gourm    .     a - +0 robe
rNeg   + + +     Faith    .     (no shield)
rPois  ∞         Spirit   .     (no helmet)
rElec  .         Reflect  .     (no cloak)
rCorr  .         Harm     .     (no gloves)
MR     .....                    (no boots)
Stlth  ++........               (no amulet)
                                (no ring)
                                e - ring of flight

@: very slightly contaminated
A: no food or potions, fire vulnerability, cold resistance 1, negative energy
resistance 3, torment resistance, unbreathing
a: Evoke Flight


You were on level 2 of the Dungeon.
You were not hungry.

You visited 1 branch of the dungeon, and saw 2 of its levels.

You collected 103 gold pieces.

Inventory:

Hand Weapons
 i - a +0 mace (weapon)
Armour
 a - a +0 robe (worn)
Jewellery
 e - a ring of flight (left hand)
 h - an uncursed amulet of the gourmand {unknown}
Scrolls
 c - a scroll of remove curse {unknown}
 d - a scroll of identify {unknown}
 f - a scroll of fear {unknown}
 g - a scroll of amnesia {unknown}
 j - a scroll of enchant armour {unknown}
 k - a scroll of recharging {unknown}
Books
 b - a book of Flames

   Spells                             Type                      Level
   a - Flame Tongue                   Conjuration/Fire             1
   b - Throw Flame                    Conjuration/Fire             2
   c - Conjure Flame                  Conjuration/Fire             3
   d - Inner Flame                    Hexes/Fire                   3
   e - Sticky Flame                   Conjuration/Fire             4
   f - Fireball                       Conjuration/Fire             5


   Skills:
 - Level 1.5 Dodging
 - Level 1.5 Stealth
 + Level 3.5 Spellcasting
 * Level 2.2 Conjurations
 + Level 2.8 Fire Magic


You had 8 spell levels left.
You knew the following spells:

 Your Spells              Type           Power        Failure   Level  Hunger
a - Flame Tongue          Conj/Fire      ##...        10%         1    N/A

Dungeon Overview and Level Annotations

Branches:
Dungeon (2/15)

Altars:


Innate Abilities, Weirdness & Mutations

You do not eat or drink.
Your flesh is vulnerable to fire.
You are immune to poison.
Your flesh is cold resistant. (rC+)
You are immune to negative energy. (rN+++)
You are immune to unholy pain and torment.
You can survive without breathing.


Message History

The worm is lightly wounded.
The worm bites you!
* * * LOW HITPOINT WARNING * * *
Casting: Flame Tongue
Confirm with . or Enter, or press ? or * to list all spells.
Aiming: Flame Tongue
Press: ? - help, Shift-Dir - straight line, f/p - worm
Aim: a worm You miscast Flame Tongue.
You are very lightly contaminated with residual magic.
You feel a strange surge of energy!
Casting: Flame Tongue
Confirm with . or Enter, or press ? or * to list all spells.
Aiming: Flame Tongue
Press: ? - help, Shift-Dir - straight line, f/p - worm
Aim: a worm The flame tongue hits the worm.
The worm is moderately wounded.
The worm bites you!
You die...

#..# ##.#
#.# #.#
#.## #..#
#.####
#..#w##'#
#..@....#
#########


You could see a worm.

Vanquished Creatures
  2 adders (D:2)
  2 worms (D:2)
  2 dart slugs
  2 leopard geckos
  A ball python (D:1)
  4 bats
  6 goblins
  A hobgoblin (D:2)
  2 jackals (D:1)
  5 kobolds
  A quokka (D:2)
  3 frilled lizards
  3 rats
34 creatures vanquished.

Notes
Turn   | Place    | Note
-------+----------+-------------------------------------------
     0 | D:1      | Kriby the Mummy Fire Elementalist began the quest for the Orb.
     0 | D:1      | Reached XP level 1. HP: 13/13 MP: 4/4
    46 | D:1      | Reached skill level 1 in Conjurations
   399 | D:1      | Reached skill level 3 in Spellcasting
   503 | D:1      | Reached XP level 2. HP: 19/19 MP: 3/6
  1423 | D:2      | Reached XP level 3. HP: 24/24 MP: 4/7
  2191 | D:2      | Slain by a worm

Vault maps used:
D:1:      dpeg_arrival_pond
D:2:      minmay_wonky_spiral, minmay_tromino_v4_b

Skill      XL: |  1  2  3 |
---------------+----------+-----
Conjurations   | 1 2 |  2.2
Spellcasting   | 3 |  3.5
Dodging        | |  1.5
Stealth        | |  1.5
Fire Magic     | |  2.8

Action                   || total
-------------------------++-------
Melee: Club              ||    10
       Mace              ||     5
 Cast: Flame Tongue      ||    72
Armor: Robe              ||    14
Dodge: Dodged            ||    39
